 Dungeon Crawl Stone Soup version 0.17.1-1-g73c8601 (webtiles) character file.

25 DeXoteric the Conjurer (level 2, -2/11 HPs)
             Began as a Felid Conjurer on Dec 23, 2015.
             Slain by an adder (3 damage)
             ... on level 2 of the Dungeon.
             The game lasted 00:03:30 (806 turns).

DeXoteric the Conjurer (Felid Conjurer)              Turns: 806, Time: 00:03:30

Health: -2/11      AC:  1    Str:  4    XL:     2   Next: 82%
Magic:  2/6        EV: 18    Int: 16    God:
Gold:   96         SH:  0    Dex: 16    Spells: 1 memorised, 5 levels left
                                        Lives:  0   Deaths: 0

rFire  . . .     SeeInvis +     (weapon unavailable)
rCold  . . .     Clarity  .     (armour unavailable)
rNeg   . . .     SustAt   .     (shield unavailable)
rPois  .         Gourm    .     (helmet unavailable)
rElec  .         Spirit   .     (cloak unavailable)
rCorr  .         Warding  .     (gloves unavailable)
rMut   .         Stasis   .     (boots unavailable)
MR     .....                    (no amulet)
Stlth  +++.......               (no ring)
                                (no ring)

@: lethally poisoned (-2 -> -10), quick, not resistant to hostile enchantments,
fairly stealthy
A: no armour, no weapons or thrown items, claws 1, fangs 3, see invisible,
carnivore 3, speed 1, shaggy fur 1, slow metabolism 1, sharp paws
a: no special abilities


You were on level 2 of the Dungeon.
You were very full.

You visited 1 branch of the dungeon, and saw 2 of its levels.

You collected 96 gold pieces.

Inventory:

Scrolls
 c - a scroll of enchant weapon {unknown}
 e - a scroll of fear {unknown}
Potions
 d - a potion of curing {unknown}
 g - a potion of degeneration {unknown}
Books
 a - a book of Conjurations

   Spells                             Type                      Level
   a - Magic Dart                     Conjuration                  1
   b - Searing Ray                    Conjuration                  2
   c - Dazzling Spray                 Conjuration/Hexes            3
   d - Fulminant Prism                Conjuration/Hexes            4
   e - Iskenderun's Mystic Blast      Conjuration                  4
   f - Iskenderun's Battlesphere      Conjuration/Charms           5
Comestibles
 b - a meat ration


   Skills:
 - Level 2.6 Dodging
 - Level 2.6 Stealth
 + Level 2.5 Spellcasting
 * Level 4.1 Conjurations


You had 5 spell levels left.
You knew the following spells:

 Your Spells              Type           Power        Failure   Level  Hunger
a - Magic Dart            Conj           ###.         4%          1    #......


Dungeon Overview and Level Annotations

Branches:
Dungeon (2/15)

Altars:


Innate Abilities, Weirdness & Mutations

You cannot wear armour.
You are incapable of wielding weapons or throwing items.
You have sharp claws.
You have razor-sharp teeth.
You have supernaturally acute eyesight.
You are carnivorous and can eat meat at any time.
You cover ground quickly.
You are covered in fur (AC +1).
You have a slow metabolism.
Your sharp claws are effective at attacking unaware monsters.


Message History

Aim: a hobgoblin (almost dead)
The magic dart hits the hobgoblin.
The adder bites you.
* * * LOW HITPOINT WARNING * * *
You are lethally poisoned!
The adder poisons you! The hobgoblin barely misses you.
The giant cockroach completely misses you.
The goblin closely misses you. The adder closely misses you.
A bat comes into view.
You take 3 damage, and have 3/11 hp.
MASSIVE DAMAGE!!
You now have 3/6 mp.
Aim: a hobgoblin (almost dead)
The magic dart hits the hobgoblin.
You kill the hobgoblin!
* * * LOW HITPOINT WARNING * * *
You feel sick. The giant cockroach bites you.
* * * LOW HITPOINT WARNING * * *
The goblin misses you. The adder misses you.
You take 2 damage, and have 1/11 hp.
You now have 2/6 mp.
You barely miss the bat. The bat closely misses you.
The giant cockroach closely misses you. The adder bites you.
You die...

#.# ##.#
#....... ##
......#..
..#.[#. #
..... #. .). #
#. #.#
##.#.###<#
#.....ghb#
#.....sS##
#.......#
#.............
#........#...b
#........# ##.
#........#
########.# ..


You could see an adder, a giant cockroach, a goblin and a bat.

Vanquished Creatures
  3 bats (D:1)
  3 goblins (D:1)
  3 hobgoblins
  3 kobolds (D:1)
  4 giant cockroaches (D:1)
  A giant gecko (D:1)
  2 giant newts (D:1)
  5 rats (D:1)
24 creatures vanquished.

Notes
Turn   | Place    | Note
--------------------------------------------------------------
     0 | D:1      | DeXoteric the Felid Conjurer began the quest for the Orb.
     0 | D:1      | Reached XP level 1. HP: 7/7 MP: 4/4
   253 | D:1      | Reached XP level 2. HP: 11/11 MP: 3/6
   471 | D:1      | Reached skill level 4 in Conjurations
   806 | D:2      | Slain by an adder

Action                   || total
-------------------------++-------
Melee: Unarmed           ||    14
 Cast: Magic Dart        ||    34
 Stab: Sleeping          ||     4
  Eat: Chunk             ||     5
